[Event "5th Sharjah Masters 2022"]
[Site "Sharjah"]
[Date "2022.05.26"]
[Round "6.7"]
[White "Hakobyan, Aram"]
[Black "Fedoseev, Vladimir"]
[Result "1/2-1/2"]
[ECO "B42"]
[WhiteElo "2615"]
[BlackElo "2701"]
[Annotator "TA"]
[PlyCount "108"]
[EventDate "2022.05.21"]
[EventType "swiss"]
[EventCountry "UAE"]
[SourceTitle "playchess.com"]
[Source "ChessBase"]
[SourceQuality "1"]
[TimeControl "5400+30"]

1. e4 {[%emt 0:00:05] Avrukh,B} c5 2. Nf3 e6 3. d4 cxd4 4. Nxd4 a6 5. Bd3 Bc5 6. Nb3 Ba7 7. O-O Nc6 8. Qg4 Qf6 {[%emt 0:01:05] B42: Sicilian: Kan Variation: 5 Bd3.} 9. N1d2 {[%emt 0:07:36] [#]} e5 $146 ({Predecessor:} 9... Ne5 10. Qg3 Ne7 11. Nc4 Nxc4 12. Bxc4 Nc6 13. Bf4 e5 14. Be3 O-O 15. Rad1 Bxe3 16. Qxe3 {1-0 (58) Adams,M (2729)-Smirin,I (2649) Kemer 2007 CBM 121 [Avrukh,B]}) 10. Qg3 Nge7 11. Nc4 O-O (11... d5 $2 12. exd5 Nxd5 13. Bg5 $18) 12. Bg5 Qe6 13. Ne3 {[%emt 0:00:49][%cal Oe3d5] Against f5} h6 14. Bc4 Qg6 15. Bxe7 Qxg3 16. hxg3 Nxe7 17. Nf5 (17. Nd5 $11 Nxd5 18. Bxd5) 17... Nxf5 $15 18. exf5 d6 19. g4 h5 20. gxh5 Bxf5 {[%emt 0:00:06] ...Rac8 is the strong threat.} 21. Bd5 Rac8 22. c3 Rc7 23. Nd2 Bg4 24. Bf3 Bxf3 25. Nxf3 e4 $1 26. Nd4 Bxd4 27. cxd4 $17 {[%emt 0:00:09][%mdl 4096] Endgame KRR-KRR} Rc2 28. Rae1 Re8 29. a4 f5 30. b3 {[%emt 0:01:41] [#]} (30. Kh2 $17 {might work better.}) 30... Kh7 $1 $19 31. Re3 {[%emt 0:01:35] [#]} (31. Kh2 {was necessary.}) 31... f4 $1 32. Rh3 Kh6 33. Re1 d5 34. f3 Rd2 35. Rh4 Rxd4 {[%emt 0:00:24] Threatens to win with ...e3.} 36. Rxf4 {[%emt 0:02:13] [#]} exf3 $1 37. Rxe8 Rxf4 $17 {[%emt 0:00:11] KR-KR} 38. g3 (38. gxf3 $17 Rxf3 39. Rh8+ Kg5 40. Rg8) 38... Rb4 $2 (38... Re4 $19 39. Rf8 Kxh5) 39. Re5 $11 d4 (39... Rxb3 $5 40. Kf2 Rb4 41. Kxf3 Rxa4 $17) 40. Kf2 {[%emt 0:00:40] The position is equal.} d3 {[%emt 0:02:02] And now ...Rd4 would win.} 41. Rd5 {[%emt 0:00:13] Inhibits Rd4.} Rxb3 {[%emt 0:00:07] Strongly threatening ...Ra3.} 42. g4 d2 43. Kg3 Rb4 44. Rd6+ g6 {[%emt 0:01:09][%cal Ob4g4] aiming for ...Rxg4+!} 45. Kxf3 d1=Q+ 46. Rxd1 {[%emt 0:00:01] Black must now prevent Rd6.} gxh5 47. Rd6+ Kg5 48. gxh5 Kxh5 49. Ke3 Kg5 50. Kd3 Kf5 51. Kc3 Rb1 52. Kc2 Rb4 53. Kc3 Rxa4 54. Rb6 Ke5 {[%emt 0:02:47] And White is the lucky defender.  Weighted Error Value: White=0.14 (very precise) /Black=0.11 (very precise)} 1/2-1/2

[Event "5th Sharjah Masters 2022"]
[Site "Sharjah"]
[Date "2022.05.26"]
[Round "6.8"]
[White "Sargissian, Gabriel"]
[Black "Sethuraman, S.P."]
[Result "1/2-1/2"]
[ECO "D11"]
[WhiteElo "2694"]
[BlackElo "2613"]
[Annotator "TA"]
[PlyCount "66"]
[EventDate "2022.05.21"]
[EventType "swiss"]
[EventCountry "UAE"]
[SourceTitle "playchess.com"]
[Source "ChessBase"]
[SourceQuality "1"]
[TimeControl "5400+30"]

1. d4 d5 2. c4 c6 3. Nf3 Nf6 4. e3 Bg4 5. h3 Bh5 6. g4 {[%emt 0:04:14] D11: Slav Defence: 3 Nf3 sidelines and 3...Nf6 4 e3 Bg4.} Bg6 7. Ne5 Nbd7 8. Nxg6 {[%emt 0:01:26] White is slightly better.} hxg6 9. cxd5 cxd5 10. Nc3 e6 11. g5 Ne4 12. Nxe4 dxe4 {[%emt 0:00:12] [#]} 13. h4 $146 ({Predecessor:} 13. Bg2 Rh4 14. f4 exf3 15. Qxf3 Bb4+ 16. Kd1 Qxg5 17. Rf1 f5 18. Qxb7 Rb8 19. Qc6 {½-½ (41) Van Wely,L (2654)-Vallejo Pons,F (2691) Bangkok 2016}) 13... Bb4+ 14. Bd2 Qa5 15. a3 Bxd2+ 16. Qxd2 Qxd2+ 17. Kxd2 Nb6 18. Rc1 Nc8 $1 19. Ke2 Nd6 20. d5 Ke7 21. dxe6 {[%emt 0:05:41] The position is equal.} Rac8 22. Rxc8 Rxc8 $11 {[%emt 0:00:10][%mdl 4096] Endgame KRB-KRN} 23. Kd2 {[%emt 0:02:25] Prevents Rc2+.} Kxe6 24. Bh3+ Nf5 25. f4 Rd8+ ({Much less strong is} 25... exf3 26. e4 Rd8+ 27. Kc2 $14 (27. Ke1 Ke5 $14)) 26. Ke2 Rd3 27. Bxf5+ Kxf5 {[%emt 0:00:04] KR-KR} 28. Rc1 Rb3 29. Rc7 $1 Rxb2+ 30. Kd1 Ke6 31. Rc4 Kf5 32. Rc7 Ke6 33. Rc4 Kd5 {[%emt 0:14:16] Weighted Error Value: White=0.04 (flawless) /Black=0.05 (flawless)} 1/2-1/2

[Event "5th Sharjah Masters 2022"]
[Site "Sharjah"]
[Date "2022.05.26"]
[Round "6.9"]
[White "Erigaisi Arjun"]
[Black "Aryan Chopra"]
[Result "1-0"]
[ECO "E53"]
[WhiteElo "2675"]
[BlackElo "2609"]
[Annotator "TA"]
[PlyCount "133"]
[EventDate "2022.05.21"]
[EventType "swiss"]
[EventCountry "UAE"]
[SourceTitle "playchess.com"]
[Source "ChessBase"]
[SourceQuality "1"]
[TimeControl "5400+30"]

1. d4 Nf6 2. c4 e6 3. Nc3 Bb4 4. e3 O-O 5. Bd3 d5 6. a3 Bxc3+ 7. bxc3 dxc4 8. Bxc4 c5 9. Nf3 Qc7 10. Be2 b6 {[%emt 0:00:12] E53: Nimzo-Indian: Rubinstein: Main Line (4...0-0 5 Nf3 d5 6 Bd3 c5 7 0-0).} 11. Bb2 $1 {[%emt 0:00:08][%mdl 4] now scores much better than the old 11.0-0.} cxd4 12. cxd4 Ba6 {[%emt 0:00:04] The position is equal.} 13. O-O Bxe2 14. Qxe2 Nbd7 15. e4 Rac8 16. Rfc1 {[%emt 0:00:16] Against Qc2} Qb7 17. Re1 h6 18. Rab1 Rc7 19. Nd2 Rfc8 20. Nf1 Qc6 {[%emt 0:17:21] [#]} 21. Ng3 $146 ({Predecessor:} 21. f3 Qc2 22. Qb5 Qc6 23. Qe2 Qc2 24. Ne3 Qxe2 25. Rxe2 Ne8 26. d5 Nc5 27. dxe6 Nxe6 {½-½ (84) So,W (2770)-Giri,A (2780) Bucharest 2021}) 21... Qc4 22. Qf3 Qa2 23. h3 Rc2 24. Ba1 Re8 (24... R8c4 $1 $15) 25. Rf1 Qc4 26. Rbe1 Qc7 27. Qd1 Ra2 28. Qb3 Qc2 29. Qf3 Qa4 30. Re3 b5 31. d5 b4 (31... exd5 32. Nf5 $16) (31... a5 $11) 32. dxe6 Rxe6 33. Nf5 (33. Bxf6 $14 Rxf6 34. Nf5) 33... Rxa3 $11 {[%emt 0:00:04] [#]} 34. Qg3 $1 Ne8 ({Much less strong is} 34... Nh5 35. Rxa3 bxa3 36. Qg4 $14) 35. Bd4 (35. Bxg7 $11 Rg6 36. Rxa3 bxa3 37. Ne7+ Kxg7 38. Nxg6 fxg6 39. Ra1) 35... Qa6 (35... Kh7 $1 $15) 36. Rc1 ({Wrong is} 36. Nxg7 $2 Rg6 37. Rxa3 bxa3 $19) 36... Rxe3 37. Qxe3 (37. fxe3 $5 Qb7 38. Bxg7 $11) 37... Qb7 38. f3 a5 39. Qb3 Kh7 40. Qa4 Ra6 41. Ne3 Nef6 (41... Nd6 $17 {Threatens to win with ...Nf8.} 42. Nd5 Nb5) 42. Rd1 (42. Kh1 $15) 42... Qc6 ({Black should try} 42... Nh5 $17 {And now ...Nf4 would win.} 43. Rd2 Nf4 44. Bxg7 Nc5) 43. Qb3 $15 Qe6 {[%emt 0:00:08] Against e5} (43... Kg8 $17) 44. Qd3 $1 {[%emt 0:00:05] Hoping for e5+.} Kg8 (44... g6 $5 ) 45. e5 Ne8 46. f4 $1 Ra8 $1 47. f5 ({White should play} 47. Qe4 $11 Rc8 48. f5) 47... Qc6 $14 48. f6 $36 {[%emt 0:00:19][%mdl 2048] Strongly threatening Nf5. White has the initiative.} Qe6 (48... gxf6 $2 49. Nf5 Kh8 50. exf6 $18 (50. Nxh6 Nxe5 51. Bxe5 fxe5 $16)) 49. Qe4 (49. fxg7 $1 $14 Nxg7 50. Rf1) 49... Rd8 {[%emt 0:00:11][%cal Re8f6] aiming for ...Nexf6!} 50. fxg7 b3 $2 {[%emt 0:01:09][%mdl 8192] [#] A mistake that costs the game.} (50... Nxg7 $11 {and Black has nothing to worry.} 51. Bb2 Re8) 51. Qf4 $1 $18 Nxg7 {[%emt 0:00:54] [#]} 52. Ng4 $1 Kh7 53. Bb2 Nh5 $2 (53... Ne8 54. Kh1 a4) 54. Qf3 Nxe5 55. Nxe5 ({Weaker is} 55. Bxe5 Rxd1+ 56. Qxd1 f5 $16) 55... Rxd1+ 56. Qxd1 Nf4 57. Qb1+ Kg8 58. Qe4 Nd5 59. Qc4 {[%emt 0:01:13] Black must now prevent Ng4.} Nb4 60. Qc7 Qf5 (60... Nd5 $18 61. Qc4 Kh7 62. Qd3+ Kg8 63. Qg3+ Kf8) 61. Bc3 {[%emt 0:01:40] White mates.} Qf4 62. Qc8+ Kh7 63. Ng4 Nd5 64. Be5 Qg5 65. Qh8+ Kg6 66. Qg7+ Kf5 67. Qxf7+ {[%emt 0:00:02] Weighted Error Value: White=0.20 (precise) /Black=0.34} 1-0

[Event "5th Sharjah Masters 2022"]
[Site "Sharjah"]
[Date "2022.05.26"]
[Round "6.10"]
[White "Sindarov, Javokhir"]
[Black "Narayanan.S.L"]
[Result "1/2-1/2"]
[ECO "C50"]
[WhiteElo "2609"]
[BlackElo "2662"]
[Annotator "TA"]
[PlyCount "66"]
[EventDate "2022.05.21"]
[EventType "swiss"]
[EventCountry "UAE"]
[SourceTitle "playchess.com"]
[Source "ChessBase"]
[SourceQuality "1"]
[TimeControl "5400+30"]

1. e4 e5 2. Nf3 Nc6 3. Bc4 Bc5 4. Nc3 Nf6 5. d3 h6 6. O-O O-O 7. h3 a6 {[%emt 0:00:42] C50: Hungarian Defence and Giuoco Pianissimo.} 8. Be3 {[%emt 0:00:07] is the new trend.} d6 9. Bxc5 dxc5 10. a4 Re8 {[%emt 0:00:26] [#]} 11. Nd2 $146 ({Predecessor:} 11. Nd5 Be6 12. Ne3 Bxc4 13. Nxc4 b6 14. Ne3 Nd7 15. Nd2 Nf8 16. Qg4 Ne6 17. h4 Ncd4 18. Rfd1 Qf6 19. g3 Nc6 20. Kg2 Nb4 21. Nf3 Rad8 {1-0 (21) Demchenko,A (2583)-Sethuraman,S (2477) Riga 2021}) 11... Nd4 12. Ba2 Be6 13. Bxe6 Rxe6 14. Nc4 b5 15. Ne3 c6 {[%emt 0:01:03] Against Ncd5} 16. b3 Re8 17. Ne2 g6 18. Kh1 Kg7 {[%emt 0:03:26] The position is equal.} 19. Qd2 Qc7 20. Ng3 Kh7 21. Ra2 Rec8 22. Rfa1 Qd8 23. Ngf1 Kg8 24. Nh2 {[%emt 0:01:15] White wants to play Neg4.} h5 {[%emt 0:00:39] Inhibits Neg4.} 25. Rg1 Qe7 26. Rga1 Qd8 27. Qd1 Kg7 28. Nf3 Nd7 29. Nf1 Rcb8 30. N1h2 Rc8 31. Qd2 Qf6 32. Nxd4 cxd4 ({Don't take} 32... exd4 33. axb5 cxb5 34. f4 $14) 33. Nf3 Nc5 {[%emt 0:02:55] A balanced but interesting game.  Weighted Error Value: White=0.06 (flawless) /Black=0.03 (flawless)} 1/2-1/2

[Event "5th Sharjah Masters 2022"]
[Site "Sharjah"]
[Date "2022.05.26"]
[Round "6.11"]
[White "Hovhannisyan, Robert"]
[Black "Gukesh D"]
[Result "0-1"]
[ECO "B47"]
[WhiteElo "2607"]
[BlackElo "2659"]
[Annotator "TA"]
[PlyCount "70"]
[EventDate "2022.05.21"]
[EventType "swiss"]
[EventCountry "UAE"]
[SourceTitle "playchess.com"]
[Source "ChessBase"]
[SourceQuality "1"]
[TimeControl "5400+30"]

1. e4 c5 2. Nf3 Nc6 3. d4 cxd4 4. Nxd4 e6 5. Nc3 Qc7 6. Be2 Nf6 7. Qd3 {[%emt 0:01:15] [#] B47: Sicilian: Taimanov: 5 Nc3 Qc7 6 f4, 6 g3 and 6 Be2.} Nb4 $146 ({Predecessor:} 7... Nxd4 8. Qxd4 Bc5 9. Qd3 a6 10. Qg3 Qxg3 11. hxg3 d5 12. exd5 Nxd5 13. Bd2 O-O 14. Rd1 Nxc3 15. Bxc3 {½-½ (26) Janisch,M (2429)-Elyoseph,H (2438) ICCF email 2019}) 8. Qf3 e5 (8... Qb6 $5 9. a3 Qxd4 10. axb4 Bxb4 $11) 9. O-O exd4 $15 10. Nb5 Qc6 (10... Qxc2 11. Bg5 d3 12. Rac1 Qxb2 13. Bxd3 $16) (10... Qb6 $1 $15 11. e5 a6) 11. e5 $1 $11 d3 (11... Nxc2 12. exf6 Nxa1 13. Qg3 $16) 12. exf6 Qxb5 (12... dxe2 $2 13. Qxe2+ Kd8 14. Re1 $18) 13. Qe4+ Kd8 14. cxd3 (14. fxg7 $1 $11 {was the only way to keep the balance.} Bxg7 15. Qh4+ f6 16. cxd3) 14... gxf6 ({Black should try} 14... g6 {Threatens to win with ...d5.} 15. Bf4 d5) 15. d4 $2 {[%emt 0:01:32] This costs White the game.} (15. a3 $17 {is the only way for White.} Nc6 16. d4) 15... Qc6 16. d5 (16. Qh4 {was worth a try.}) 16... Qxd5 $19 ({But not} 16... Nxd5 $2 17. Bf3 Ne7 18. Qd3 $19) 17. Qf4 Qe5 {[%emt 0:03:56] ...Nc2 is the strong threat.} 18. Qh4 Be7 19. Bf3 d5 20. Bf4 {[%emt 0:02:53] [#]} Qf5 ({Inferior is} 20... Qxb2 21. Rab1 Qa3 22. Bd6 $11) 21. Bg3 Be6 22. Rac1 Rc8 {[%emt 0:07:40] Inhibits Rc7.} 23. Rxc8+ Bxc8 24. Rc1 Be6 {[%emt 0:05:56] Black is clearly winning.} 25. Qd4 Nc6 26. Qa4 Ke8 27. Qb5 Kf8 {[%emt 0:00:58] White must now prevent ...Nd4.} ({Wrong is} 27... Qg5 $2 28. Rd1 Bc8 29. Rxd5 $19) 28. Qxb7 Nd4 29. Bd1 Qe4 {[%emt 0:01:58][%cal Re4e1] [#]} 30. Bh5 Nf5 31. Qxa7 Kg7 32. Bf3 Rc8 33. Rd1 Qc2 34. Qb7 Rc4 {[%emt 0:01:55] aiming for ...Bc5.} 35. h3 Rb4 {[%emt 0:00:21] Weighted Error Value: White=0.50/Black=0.12 (very precise)} 0-1

[Event "5th Sharjah Masters 2022"]
[Site "Sharjah"]
[Date "2022.05.26"]
[Round "6.12"]
[White "Moussard, Jules"]
[Black "Aravindh, Chithambaram VR."]
[Result "1/2-1/2"]
[ECO "B12"]
[WhiteElo "2651"]
[BlackElo "2606"]
[Annotator "TA"]
[PlyCount "63"]
[EventDate "2022.05.21"]
[EventType "swiss"]
[EventCountry "UAE"]
[SourceTitle "playchess.com"]
[Source "ChessBase"]
[SourceQuality "1"]
[TimeControl "5400+30"]

1. e4 c6 2. d4 d5 3. e5 Bf5 4. h4 h5 5. c4 e6 6. Nc3 dxc4 7. Bxc4 Nd7 8. Nf3 {[%emt 0:00:42] B12: Caro-Kann: Advance Variation.} Ne7 9. Bg5 Nb6 10. Be2 Qd7 ({Resist} 10... Nbd5 {[#]} 11. Nb5 $1 Kd7 12. Nd6 $14) 11. O-O Bg4 12. Nh2 Bxe2 {[%emt 0:01:32] [#]} 13. Nxe2 $146 ({Predecessor:} 13. Qxe2 Nf5 14. Nf3 Be7 15. Bxe7 Qxe7 16. g3 Rd8 17. Rfd1 f6 18. Rd3 O-O 19. Re1 {½-½ (46) Lupulescu,C (2659)-Harikrishna,P (2730) Krasnaya Polyana 2021}) 13... Nf5 14. Nf3 Be7 15. Ng3 Nxg3 16. fxg3 f6 17. Be3 Nd5 18. Bd2 Bd8 19. Qe2 Bc7 20. Rfe1 O-O 21. Qe4 f5 22. Qe2 Bd8 23. Bg5 Bxg5 24. Nxg5 {[%emt 0:00:30] The position is equal.} g6 25. Red1 Qe7 26. a3 Rad8 27. Rd3 Rd7 28. Rad1 Rfd8 29. Qd2 Nc7 30. Qe3 Rd5 31. Nh3 Kg7 32. Kh2 {[%emt 0:00:30] Weighted Error Value: White=0.06 (flawless) /Black=0.04 (flawless)} 1/2-1/2

[Event "5th Sharjah Masters 2022"]
[Site "Sharjah"]
[Date "2022.05.26"]
[Round "6.13"]
[White "Can, Emre"]
[Black "Sargsyan, Shant"]
[Result "1/2-1/2"]
[ECO "E08"]
[WhiteElo "2599"]
[BlackElo "2641"]
[Annotator "TA"]
[PlyCount "158"]
[EventDate "2022.05.21"]
[EventType "swiss"]
[EventCountry "UAE"]
[SourceTitle "playchess.com"]
[Source "ChessBase"]
[SourceQuality "1"]
[TimeControl "5400+30"]

1. d4 Nf6 2. c4 e6 3. Nf3 d5 4. g3 Bb4+ 5. Bd2 Be7 6. Bg2 O-O 7. O-O Nbd7 8. Qc2 c6 9. Bf4 b6 10. cxd5 cxd5 11. Rc1 Bb7 12. Bc7 Qe8 13. Qb3 {[%emt 0:00:24] E08: Closed Catalan: Main Line: 7 Qc2.} Rc8 14. Na3 Ne4 15. Nb5 Ndc5 16. dxc5 bxc5 17. Bf4 c4 18. Qa4 Bc5 19. Be3 Bc6 20. Nfd4 Bxd4 {[%emt 0:01:39][%mdl 64] Remove Defender} 21. Bxd4 Bxb5 22. Qxa7 Ra8 23. Qc7 {[%emt 0:00:58] [#]} Qb8 $146 ({Predecessor:} 23... f6 24. Bxe4 dxe4 25. a4 Rxa4 26. Rxa4 Bxa4 27. Rxc4 Bb5 28. Rc2 e5 29. Bc5 Rf7 30. Qb6 Rd7 31. Kg2 {½-½ (31) Laffranchise,L (2490)-Parkaev,A (2505) ICCF email 2020}) 24. Qxb8 Rfxb8 25. f3 Nd6 26. e4 f6 27. exd5 exd5 28. Bh3 {[%emt 0:00:15] Strongly threatening Be6+.} Be8 29. a4 Nb7 30. Re1 Na5 31. Bc3 ({Reject} 31. Be6+ Bf7 32. Bxf7+ Kxf7 $17) 31... Nb3 32. Rad1 {[%emt 0:01:19] Against d4} Bf7 33. Bd7 $1 Rd8 34. Bb5 (34. Bc6 $1 $11 Rac8 35. Bb5) 34... d4 $17 35. Bb4 d3 (35... Rdc8 $1 $17 36. Re2 d3) 36. Bc3 $15 Nc5 37. Ra1 Nb3 {[%emt 0:02:09] And now ...d2 would win.} 38. Rad1 h5 39. Re7 Nc5 40. Rxf7 Kxf7 41. Bxc4+ {[%emt 0:00:06] A strong pair of Bishops.} Kg6 42. a5 (42. b3 $1 $11) 42... Na4 $1 43. Rxd3 (43. Bxd3+ $15 f5 44. Be5) 43... Nxc3 $17 44. Rxd8 Rxd8 45. bxc3 $15 {[%emt 0:00:06][%mdl 4096] Endgame KR-KB} Rc8 $1 46. Be2 Rxc3 47. h4 Kf5 48. Kf2 Ra3 49. a6 {[%emt 0:00:03] [#]} Ke6 $1 50. Bc4+ {[%emt 0:01:52] [#]} Ke5 (50... Ke7 $142 $1 51. f4 Kd6) 51. Bf7 $17 Kd4 52. f4 Rxa6 53. Bxh5 Ra2+ (53... f5 $17 54. Bf7 Kc5) 54. Kf3 $11 {[%emt 0:00:16] The position is equal.} Ra3+ 55. Kf2 $1 Ke4 56. Bg6+ $1 f5 57. Kg2 Ra5 58. h5 Ke3 59. Bh7 Ra2+ 60. Kh3 Kf2 {[%emt 0:00:33] Threatens to win with ...Ra3.} 61. Bxf5 Ra3 62. Kh4 Rxg3 {[%emt 0:00:05] ...Kf3 is the strong threat.} 63. h6 gxh6 {[%emt 0:00:06] White must now prevent ...Kf3.} 64. Kh5 Kf3 65. Kxh6 Kxf4 66. Bg6 Ke5 {[%emt 0:00:42] aiming for ...Kf6.} 67. Kh7 Kf6 68. Bb1 Rb3 69. Be4 Rb4 70. Bc2 Rb7+ 71. Kh8 Rc7 72. Bh7 Kf7 {[%emt 0:00:08] Hoping for ...Rc8+.} 73. Bg8+ Kg6 74. Ba2 Rh7+ 75. Kg8 Ra7 76. Bb1+ Kf6 77. Bc2 Ra8+ 78. Kh7 Rh8+ 79. Kxh8 Ke5 {[%emt 0:05:56] Weighted Error Value: White=0.08 (flawless) /Black=0.06 (flawless)} 1/2-1/2

[Event "5th Sharjah Masters 2022"]
[Site "Sharjah"]
[Date "2022.05.26"]
[Round "6.14"]
[White "Abasov, Nijat"]
[Black "Iskandarov, Misratdin"]
[Result "1/2-1/2"]
[ECO "A26"]
[WhiteElo "2635"]
[BlackElo "2601"]
[Annotator "TA"]
[PlyCount "67"]
[EventDate "2022.05.21"]
[EventType "swiss"]
[EventCountry "UAE"]
[SourceTitle "playchess.com"]
[Source "ChessBase"]
[SourceQuality "1"]
[TimeControl "5400+30"]

1. c4 e5 2. g3 Nc6 3. Bg2 d6 4. Nc3 g6 5. d3 Bg7 6. e4 Nge7 7. Nge2 O-O 8. O-O Bd7 {[%emt 0:02:08] 8...f5 is a critical line.} 9. Rb1 {[%emt 0:05:39] [#] A26: English Opening vs King's Indian with ...Nc6 and d3.} a6 $146 ({Predecessor:} 9... Qc8 10. Nd5 Nxd5 11. cxd5 Ne7 12. Bg5 Re8 13. d4 f6 14. Be3 f5 15. dxe5 Bxe5 16. Nd4 fxe4 17. Bxe4 {½-½ (41) Horvath,C (2540)-Izsak,G (2435) Hungary 1997}) 10. b4 Qc8 (10... b5 {is interesting.} 11. Bg5 h6 12. Be3 Nd4) 11. Nd5 {[%emt 0:00:35] White is slightly better.} Nxd5 12. cxd5 Ne7 13. d4 exd4 14. Nxd4 Re8 15. Bb2 c6 16. dxc6 Nxc6 17. Ne2 Be5 18. Qd2 Be6 19. a3 Qd8 20. f4 Bxb2 21. Rxb2 Qb6+ 22. Kh1 Bc4 23. Rd1 d5 24. e5 d4 25. Qc2 (25. Nxd4 $14 Red8 26. Bxc6 bxc6 27. Qc3) 25... Bb5 $11 {[%emt 0:03:46] ...d3 is the strong threat. The position is equal.} 26. Qc5 Qxc5 27. bxc5 Rad8 28. Rbd2 f6 29. Nxd4 Nxd4 30. Rxd4 Rxd4 31. Rxd4 fxe5 32. fxe5 Rxe5 {[%emt 0:00:09] [#] And now ...Re1+ would win.} 33. Bxb7 Rxc5 34. a4 {[%emt 0:00:09] Weighted Error Value: White=0.08 (flawless) /Black=0.05 (flawless)} 1/2-1/2

[Event "5th Sharjah Masters 2022"]
[Site "Sharjah"]
[Date "2022.05.26"]
[Round "6.15"]
[White "Chigaev, Maksim"]
[Black "Puranik, Abhimanyu"]
[Result "1/2-1/2"]
[ECO "C54"]
[WhiteElo "2631"]
[BlackElo "2608"]
[Annotator "TA"]
[PlyCount "239"]
[EventDate "2022.05.21"]
[EventType "swiss"]
[EventCountry "UAE"]
[SourceTitle "playchess.com"]
[Source "ChessBase"]
[SourceQuality "1"]
[TimeControl "5400+30"]

1. e4 e5 2. Bc4 Nf6 3. d3 Nc6 4. Nf3 Bc5 5. c3 d6 6. Nbd2 O-O 7. h3 a5 8. O-O h6 9. Re1 Be6 10. b3 Qb8 11. Nf1 Qa7 12. Be3 Bxe3 13. Nxe3 a4 14. Bxe6 fxe6 15. b4 Rf7 16. a3 Raf8 17. Ra2 Ne7 18. Nh2 Ng6 19. g3 b5 20. Rc2 c5 21. Qb1 d5 22. exd5 exd5 23. bxc5 Qxc5 24. Qb4 Rc7 25. Rec1 Qc6 26. Rb1 Rfc8 27. Nhg4 Nxg4 28. hxg4 Ne7 29. d4 e4 30. Kg2 Kf7 31. g5 hxg5 32. Ng4 Ng6 33. Qxb5 Qe6 34. Qe2 Rxc3 35. Rxc3 Rxc3 36. Ne3 g4 37. Rb7+ Kg8 38. Rb8+ Kf7 39. Qb2 Rc6 40. Rb7+ Kg8 41. Qb5 Rc3 42. Rb6 Qf7 43. Qxd5 Rxa3 44. Qxe4 Qf3+ 45. Qxf3 gxf3+ 46. Kxf3 Ne7 (46... Nf8 $142 47. Ra6 Nh7 48. Ra8+ Kf7 49. Ra7+ Kf8) 47. Ke4 $18 Ra2 48. d5 Kf7 49. Rb7 Ke8 50. d6 Nc6 51. Nf5 (51. Rxg7 $6 Rd2 $16) 51... Re2+ $2 (51... Kf8 52. Rc7 (52. Rxg7 a3 $16) (52. Nxg7 Rd2 $16) 52... Nd8) 52. Kf3 (52. Kd5 $142 Nd8 53. Nxg7+ Kf8 54. Rb8 Rd2+ 55. Ke5 Kxg7 56. Rxd8) 52... Re5 $18 53. Nxg7+ Kd8 54. Rc7 Nd4+ 55. Kf4 Rd5 $2 (55... Re2 {was worth a try.}) 56. Ra7 $18 Rxd6 57. Rxa4 Ne2+ (57... Rd7 {might work better.} 58. g4 Ne2+ 59. Ke3 Re7+ 60. Kf3 Nc3) 58. Ke5 $18 Rd3 59. Ne6+ Ke7 60. Ra7+ Ke8 61. Ra8+ Ke7 62. Nf4 Rd2 63. Nd5+ Kf7 64. Ra7+ Kg6 65. Ra6+ Kg7 66. Ra7+ Kg6 $1 67. g4 $2 (67. Ne7+ Kf7 68. g4) 67... Nd4 $18 {[%emt 0:01:09] [#]} 68. Nf4+ ({White must play} 68. Ke4 $1 $18) 68... Kg5 $14 69. Rg7+ Kh4 70. Ng2+ Kh3 71. Nf4+ (71. Ne3 $5 Nc6+ 72. Ke4 Rxf2 73. Rc7 $14) 71... Kh4 72. Ng2+ Kh3 73. Ne3 $1 Nc6+ $1 74. Ke4 Rxf2 75. g5 Kh4 76. g6 ({White should play} 76. Rc7 $1 $14 Kxg5 77. Rxc6) 76... Kg5 (76... Rf6 $1 $11) 77. Rf7 $14 Rf6 $1 78. g7 Re6+ 79. Kd5 Rg6 80. Ng2 Nd8 81. Rf8 (81. Rd7 $14 {should be considered.}) 81... Rxg7 $11 82. Rxd8 Re7 83. Kd4 Kf6 84. Nf4 Rf7 85. Nd5+ Ke6 86. Kc5 Rf3 87. Re8+ Kf7 88. Re7+ Kg6 89. Kd4 Rf1 90. Re6+ Kf7 91. Ra6 Re1 92. Ne3 Ke7 93. Rb6 Kf7 94. Ke4 Ke7 95. Kf4 Kd7 96. Nc4 Kc7 97. Rh6 Kd7 98. Ne5+ Ke7 99. Nf3 Re2 100. Nd4 Re1 101. Kf5 Rf1+ 102. Ke5 Re1+ 103. Kd5 Kf7 104. Nf3 Rd1+ 105. Ke4 Ke7 106. Ke5 Kf7 107. Kf5 Ke7 108. Re6+ Kd8 109. Rc6 Rf1 110. Rc3 Ke7 111. Ke5 Kd7 112. Rb3 Rc1 113. Rb7+ Rc7 114. Rb1 Rc5+ 115. Kd4 Kd6 116. Rb6+ Rc6 117. Rb5 Rc1 118. Rd5+ Kc7 (118... Ke6 $11) 119. Rc5+ (119. Ke5 $14) 119... Rxc5 $11 120. Kxc5 1/2-1/2